 Dungeon Crawl Stone Soup version 0.21.1-1-g345015f (webtiles) character file.

79 Mgcat the Ruffian (level 4, -6/44 HPs)
             Began as a Troll Transmuter on Mar 11, 2018.
             Was an Initiate of Makhleb.
             Killed by divine providence
             ... invoked by an orc priest
              (12 damage)
             ... on level 2 of the Dungeon.
             The game lasted 00:03:13 (902 turns).

Mgcat the Ruffian (Troll Transmuter)                 Turns: 902, Time: 00:03:14

Health: -6/44      AC:  5    Str: 18    XL:     4   Next: 16%
Magic:  2/4        EV: 10    Int: 10    God:    Makhleb [......]
Gold:   67         SH:  0    Dex: 10    Spells: 2/5 levels left

rFire    . . .     SeeInvis .     - Unarmed
rCold    . . .     Gourm    +   (no shield)
rNeg     . . .     Faith    +   b - +0 robe
rPois    .         Spirit   .   (helmet restricted)
rElec    .         Reflect  .   (no cloak)
rCorr    .         Harm     .   (gloves unavailable)
MR       .....                  (boots unavailable)
Stlth    +.........             r - amulet of faith {Faith, !P}
HPRegen  0.54/turn              n - ring of flight {+Fly, !d}
MPRegen  0.09/turn              (no ring)

@: lethally poisoned (-6 -> -7), hasted, very quick
A: large, unfitting armour, claws 3, fast metabolism 3, gourmand, regeneration
1, shaggy fur 1, tough skin 2
a: Renounce Religion, Evoke Flight


You were on level 2 of the Dungeon.
You worshipped Makhleb.
Makhleb was noncommittal.
You were completely stuffed.

You visited 1 branch of the dungeon, and saw 2 of its levels.

You collected 67 gold pieces.

Inventory:

Missiles
 a - 56 arrows
Armour
 b - a +0 robe (worn)
Jewellery
 n - a ring of flight (left claw) {+Fly, !d}
   (You found it on level 1 of the Dungeon)
 r - an amulet of faith (around neck) {Faith, !P}
   (You found it on level 2 of the Dungeon)
Scrolls
 e - 3 scrolls of identify {unknown}
 h - 4 scrolls of random uselessness {unknown}
 i - a scroll of fog {unknown}
 l - a scroll of noise {unknown}
 m - 2 scrolls of teleportation {unknown}
 o - a scroll of remove curse {unknown}
 p - 2 scrolls of enchant weapon {unknown}
Potions
 g - a potion of lignification {unknown}
 k - a potion of magic {unknown}
 q - a potion of heal wounds {unknown}
Books
 c - a book of Changes
Comestibles
 d - 3 rations
 j - 6 chunks of flesh {@w0}


   Skills:
 + Level 2.3 Fighting
 - Level 1.5 Dodging
 + Level 4.1 Unarmed Combat
 - Level 1.2 Spellcasting
 - Level 1.3 Transmutations


You had 2 spell levels left.
You knew the following spells:

 Your Spells              Type           Power        Failure   Level  Hunger
a - Beastly Appendage     Tmut           #.....       19%         1    ##.....
b - Sticks to Snakes      Tmut           #.......     28%         2    ###....


Dungeon Overview and Level Annotations

Branches:
Dungeon (2/15)

Altars:
Makhleb
Qazlal


Innate Abilities, Weirdness & Mutations

You are too large for most types of armour.
You have claws for hands.
Your metabolism is lightning-fast.
You like to eat raw meat.
Your natural rate of healing is unusually fast.
You are covered in fur. (AC +1)
You have very tough skin. (AC +2)


Message History

The orc priest calls down the wrath of Beogh upon you.
Pain shoots through your body!
An adder and Natasha come into view.
The orc hits you with a flail.
Natasha mumbles some strange words.
You are too injured to fight recklessly!
Natasha howls an incantation.
You feel disoriented.
Natasha drinks a potion.
Natasha seems to speed up.
A hobgoblin comes into view.
The orc misses you.
Natasha mumbles some strange words.
Natasha glows brightly for a moment.
The hobgoblin shouts!
Casting: Beastly Appendage
Confirm with . or Enter, or press ? or * to list all spells.
You miscast Beastly Appendage.
You are very lightly contaminated with residual magic.
Nothing appears to happen.
The hobgoblin hits you with a club.
Casting: Beastly Appendage
Confirm with . or Enter, or press ? or * to list all spells.
You grow a pair of large bovine horns.
The hobgoblin misses you.
You mangle the hobgoblin!!
You kill the hobgoblin!
Makhleb accepts your kill.
You barely miss the orc. The orc barely misses you.
You scratch the orc. Your headbutt misses the orc.
The orc is almost dead.
Your transformation is almost over.
You claw the orc!
You kill the orc!
Makhleb accepts your kill.
The orc priest looks encouraged for a moment.
You barely miss the hobgoblin. The hobgoblin hits you.
You scratch the hobgoblin but do no damage.
The hobgoblin hits you but does no damage.
You barely miss the hobgoblin.
You kill the hobgoblin!
Makhleb accepts your kill.
The orc priest begins to cast a cantrip, but forgets the words!
You closely miss the orc. The orc closely misses you.
You closely miss the orc.
Natasha casts a spell.
The orc hits you with a flail!
You claw the orc!
You kill the orc!
Makhleb accepts your kill.
Your Fighting skill increases to level 2!
Natasha claws you.
You scratch Natasha. Your headbutt misses Natasha.
Natasha is lightly wounded.
Your horns disappear.
Natasha claws you!
You claw Natasha!
You kill Natasha!
Makhleb accepts your kill.
Natasha yowls pathetically as she dies!
The crimson imp disappears in a puff of smoke!
Your Unarmed Combat skill increases to level 4!
You have reached level 4!
You scratch the orc.
The orc is severely wounded.
The orc closely misses you.
You barely miss the orc.
The orc is severely wounded.
The orc barely misses you.
You claw the orc!
You kill the orc!
Makhleb accepts your kill.
You scratch the adder.
The adder is lightly wounded.
The adder bites you.
You are poisoned.
The adder poisons you!
You claw the adder!
The adder is almost dead.
You feel sick. The adder bites you but does no damage.
The adder closely misses you.
The orc priest calls down the wrath of Beogh upon you.
Beogh smites you!
* * * LOW HITPOINT WARNING * * *
You claw the adder!
You kill the adder!
Makhleb accepts your kill.
You scratch the orc priest.
The orc priest is heavily wounded.
You feel sick. The orc priest hits you with a club.
* * * LOW HITPOINT WARNING * * *
You feel yourself speed up.
You barely miss the orc priest. You claw the orc priest.
The orc priest is severely wounded.
The orc priest barely misses you.
Your magical contamination has completely faded away.
You barely miss the orc priest.
The orc priest is severely wounded.
You closely miss the orc priest.
The orc priest is severely wounded.
The orc priest invokes the aid of Beogh against you.
Beogh smites you!
You die...

######..####.######.#...#
........####.............
.........................
....................#....
.#####..###..######.#...#
#..###..###... . .
#..##<........ .
#..##...######
#$.@o.........
#.###...###### #
#......... #...####..
..5... ..h.....
.......... #.........#
#.....#####


You could see an orc priest.

Vanquished Creatures
  Natasha (D:2)
  An adder (D:2)
  A dart slug (D:1)
  3 leopard geckos
  3 orcs (D:2)
  A giant cockroach (D:1)
  5 goblins
  5 hobgoblins
  4 jackals (D:1)
  A ball python (D:1)
  3 bats
  3 frilled lizards
  A kobold (D:1)
  6 rats
38 creatures vanquished.

Notes
Turn   | Place    | Note
-------+----------+-------------------------------------------
     0 | D:1      | Mgcat the Troll Transmuter began the quest for the Orb.
     0 | D:1      | Reached XP level 1. HP: 18/18 MP: 1/1
    12 | D:1      | Reached skill level 1 in Fighting
    34 | D:1      | Reached XP level 2. HP: 23/27 MP: 2/2
   568 | D:1      | Found a burning altar of Makhleb.
   587 | D:1      | Became a worshipper of Makhleb the Destroyer
   634 | D:2      | Reached XP level 3. HP: 35/35 MP: 3/3
   764 | D:2      | Found a stormy altar of Qazlal.
   839 | D:2      | Learned a level 2 spell: Sticks to Snakes
   874 | D:2      | Noticed Natasha
   889 | D:2      | Reached skill level 2 in Fighting
   891 | D:2      | Killed Natasha
   891 | D:2      | Reached skill level 4 in Unarmed Combat
   891 | D:2      | Reached XP level 4. HP: 19/42 MP: 2/4
   896 | D:2      | HP: 7/42 [orc priest/divine providence (13)]
   902 | D:2      | Killed from afar by an orc priest

Skill      XL: |  1  2  3 |
---------------+----------+-----
Fighting       | 1 2 |  2.3
Unarmed Combat | 4 |  4.1
Dodging        | |  1.5
Spellcasting   | |  1.2
Transmutations | |  1.3

Action                   |  1- 3 |  4- 6 || total
-------------------------+-------+-------++-------
Melee: Unarmed           |    87 |    10 ||    97
       Headbutt          |     1 |       ||     1
       Punch             |       |     1 ||     1
 Cast: Beastly Appendage |     2 |       ||     2
 Abil: Evoke Flight      |     1 |       ||     1
  Use: Potion            |       |     1 ||     1
  Eat: Chunk             |    14 |       ||    14
Armor: Robe              |    34 |     1 ||    35
Dodge: Dodged            |    49 |     4 ||    53

Vault maps used:
D:1:      dpeg_arrival_water_altar, st_stairs_6
D:2:      nicolae_qazlal_general_emergency, uniq_natasha

Table legend:
 A = Turns spent in this place as a percentage of turns spent in the entire game.
 B = Non-inter-level travel turns spent in this place as a percentage of non-inter-level travel turns spent in the entire game.
 C = Inter-level travel turns spent in this place as a percentage of turns spent in this place.
 D = Turns resting spent in this place as a percentage of non-inter-level travel turns spent in this place.
 E = Turns spent auto-exploring this place as a percentage of non-inter-level travel turns spent in this place.
 F = Non-inter-level travel turns spent in this place divided by the number of levels of this place that you've seen.
                   A       B       C       D       E      F
               +-------+-------+-------+-------+-------+----------------------
         Total | 100.0 | 100.0 |   0.0 |   0.0 |  74.1 | 451.0
       Dungeon | 100.0 | 100.0 |   0.0 |   0.0 |  74.1 | 451.0
               +-------+-------+-------+-------+-------+----------------------

Table legend:
 A = Kills in this place as a percentage of kills in entire the game.
 B = Kills by you in this place as a percentage of kills by you in the entire game.
 C = Kills by friends in this place as a percentage of kills by friends in the entire game.
 D = Other kills in this place as a percentage of other kills in the entire game.
 E = Experience gained in this place as a percentage of experience gained in the entire game.
 F = Experience gained in this place divided by the number of levels of this place that you have seen.
                   A       B       C       D       E      F
               +-------+-------+-------+-------+-------+----------------------
         Total | 100.0 | 100.0 |   N/A |   N/A | 100.0 |  56.5
       Dungeon | 100.0 | 100.0 |   N/A |   N/A | 100.0 |  56.5
               +-------+-------+-------+-------+-------+----------------------
